 Dungeon Crawl Stone Soup version 0.17.1-1-g73c8601 (webtiles) character file.

13311 Iskender the Destroyer (level 11, -11/68 HPs)
             Began as a Mummy Wizard on Dec 28, 2015.
             Was an Initiate of Gozag.
             Mangled by a komodo dragon (27 damage)
             ... on level 1 of the Lair of Beasts.
             The game lasted 02:07:19 (13095 turns).

Iskender the Destroyer (Mummy Wizard)              Turns: 13095, Time: 02:07:19

Health: -11/68     AC:  9    Str: 10    XL:     11   Next: 73%
Magic:  10/34      EV: 12    Int: 21    God:    Gozag
Gold:   1999       SH:  7    Dex: 11    Spells: 6 memorised, 8 levels left

rFire  x . .     SeeInvis .     a - staff of power
rCold  + . .     Clarity  .     D - +0 robe {MR+}
rNeg   + + +     SustAt   .     t - +3 buckler {AC+3}
rPois  ∞         Gourm    .     h - +0 hat
rElec  .         Spirit   .     y - +0 cloak
rCorr  .         Warding  .     (no gloves)
rMut   .         Stasis   .     k - +2 pair of boots {Fly}
MR     ++...                    (no amulet)
Stlth  ++........               (no ring)
                                (no ring)

@: flying, very slightly contaminated, repel missiles, very resistant to hostile
enchantments, unstealthy
A: no food or potions, fire vulnerability, cold resistance 1, negative energy
resistance 3, torment resistance, unbreathing
a: Potion Petition, Call Merchant, Bribe Branch, Renounce Religion, Stop Flying


You were on level 1 of the Lair of Beasts.
You worshipped Gozag.
Gozag was noncommittal.
You were not hungry.

You visited 3 branches of the dungeon, and saw 13 of its levels.

You collected 2456 gold pieces.
You spent 389 gold pieces at shops.
You paid 68 gold pieces to Gozag.

Inventory:

Hand Weapons
 b - a +0 spear
 g - a +1 whip of electrocution
 i - a +0 trident of pain
 o - a +0 trident
 p - a +2 morningstar of protection
 v - a +0 blowgun
Missiles
 q - 7 needles of sleeping
 s - 83 poisoned needles
 z - 10 javelins (quivered)
 F - 2 throwing nets
 H - 5 tomahawks
Armour
 h - a +0 hat (worn)
 k - a +2 pair of boots of flying (worn)
 t - a +3 buckler of protection (worn)
 y - a +0 cloak (worn)
 C - a cursed -1 ring mail
 D - a +0 robe of magic resistance (worn)
Magical Staves
 a - an uncursed staff of power (weapon)
Wands
 w - a wand of enslavement (11)
 G - a wand of digging (0)
Scrolls
 d - a scroll of vulnerability
 e - 4 scrolls of remove curse
 f - a scroll of teleportation
 j - a scroll of recharging
 m - 9 scrolls of magic mapping
 x - 4 scrolls of amnesia
 B - 2 scrolls of fear
 E - 4 scrolls of identify
 I - a scroll of fog
Books
 r - a book of Clouds

   Spells                             Type                      Level
   a - Mephitic Cloud                 Conjuration/Poison/Air       3
   b - Conjure Flame                  Conjuration/Fire             3
   c - Poisonous Cloud                Conjuration/Poison/Air       6
   d - Freezing Cloud                 Conjuration/Ice/Air          6
   e - Ring of Flames                 Charms/Fire                  7
 u - a book of Air

   Spells                             Type                      Level
   a - Shock                          Conjuration/Air              1
   b - Swiftness                      Charms/Air                   2
   c - Repel Missiles                 Charms/Air                   2
   d - Static Discharge               Conjuration/Air              3
   e - Lightning Bolt                 Conjuration/Air              5


   Skills:
 - Level 8.3 Polearms
 - Level 1.5 Dodging
 - Level 1.5 Stealth
 - Level 4.0 Shields
 - Level 5.8 Spellcasting
 + Level 12.0 Conjurations
 - Level 0.7 Summonings
 - Level 0.7 Translocations


You had 8 spell levels left.
You knew the following spells:

 Your Spells              Type           Power        Failure   Level  Hunger
a - Magic Dart            Conj           ####         1%          1    N/A
b - Call Imp              Summ           #.......     12%         2    N/A
d - Conjure Flame         Conj/Fire      ####....     2%          3    N/A
r - Repel Missiles        Chrm/Air       #.....       17%         2    N/A
v - Blink                 Tloc           N/A          12%         2    N/A
C - Mephitic Cloud        Conj/Pois/Air  ###.....     10%         3    N/A

Dungeon Overview and Level Annotations

Branches:
Dungeon (11/15)            Temple (1/1) D:5            Lair (1/8) D:11
    Orc (0/4) D:9

Altars:
Ashenzari
Cheibriados
Dithmenos
Elyvilon
Fedhas
Gozag
Kikubaaqudgha
Makhleb
Nemelex Xobeh
Okawaru
Qazlal
Ru
Sif Muna
Trog
Vehumet
Xom
Yredelemnul
Zin
The Shining One

Shops:
D:6 [   D:7 ?

Annotations:
D:8 Andry07's ghost, novice VSFi


Innate Abilities, Weirdness & Mutations

You do not eat or drink.
Your flesh is vulnerable to fire.
You are immune to poison.
Your flesh is cold resistant.
You are immune to negative energy.
You are immune to unholy pain and torment.
You can survive without breathing.


Message History

Confirm with . or Enter, or press ? or * to list all spells.
Aiming: Mephitic Cloud
Press: ? - help, Shift-Dir - straight line, f - komodo dragon
Aim: a komodo dragon (severely wounded)
The ball explodes into a vile cloud!
The stinking cloud engulfs the komodo dragon.
The komodo dragon is severely wounded.
The komodo dragon is engulfed in noxious fumes.
Casting: Mephitic Cloud
Confirm with . or Enter, or press ? or * to list all spells.
Aiming: Conjure Flame
Press: ? - help, Dir - move target cursor, p - komodo dragon The fire roars!
The komodo dragon is engulfed in roaring flames.
The komodo dragon is engulfed in roaring flames.
Casting: Conjure Flame
Confirm with . or Enter, or press ? or * to list all spells.
You blink.
The komodo dragon bites you!!
You die...
Your body crumbles into a pile of gold.

##.#..#.........§.## #
##.....#...........# #
#..##.#.....#####§## ###
##..#.#....## #§#### #######..
#.........# ##.##.###..##P#..
#.........#####................
####.#....P##§#................
#.##....?..l................
#..#.......@................
#.##...#.###.####.P.#...##..
#####.##...### #..####..##.###..
#......#....####...........#####
#....................#....#.#
#......#...........####..##.#
##......#....................#
#.......#...#####...####.....####
##......#...## ##....#####.#.##P#


You could see a komodo dragon.

Vanquished Creatures
  A hydra (Lair:1)
  A centaur warrior (Lair:1)
  The ghost of labyrinthlord the Spear-Bearer, a novice MfSk of Yredelemnul (D:11)
  A hill giant (D:10)
  Pikel (D:9)
  A spiny frog (Lair:1)
  4 centaur skeletons
  9 blink frogs (Lair:1)
  2 trolls (D:11)
  A spriggan (D:7)
  4 hippogriffs
  3 yaks (D:10)
  A hungry ghost (D:8)
  A deep elf fighter (D:6)
  4 wolves (Lair:1)
  4 water moccasins
  The ghost of Andry07 the Slasher, an amateur VSFi (D:4)
  A necrophage (D:9)
  2 phantoms
  2 porcupines (Lair:1)
  A black bear (D:4)
  6 orc warriors (D:11)
  4 ogres
  6 centaurs
  11 giant frogs
  4 crocodiles
  A big kobold (D:10)
  A wyvern zombie (D:8)
  6 scorpions
  3 wights (D:9)
  A water moccasin skeleton (D:8)
  9 crimson imps
  8 orc priests
  2 jellies
  6 orc wizards
  Natasha (thrice) (D:2)
  7 hounds
  8 worker ants
  5 iguanas
  A hound skeleton (D:11)
  A hound zombie (D:8)
  2 worker ant zombies
  7 gnolls
  4 adders
  22 river rats (Lair:1)
  3 shadow imps
  An ooze (D:4)
  2 worms
  4 giant geckos
  38 orcs
  3 ball pythons
  7 bats
  5 goblins
  7 hobgoblins
  13 jackals
  14 kobolds
  3 quokkas
  4 giant cockroaches
  A giant gecko skeleton (D:4)
  9 giant newts
  2 quokka skeletons
  4 rats
294 creatures vanquished.

Vanquished Creatures (collateral kills)
  2 killer bees (D:11)
  2 hounds (D:4)
  A gnoll (D:4)
  4 orcs
  A hobgoblin (D:3)
  A jackal (D:2)
  2 goblins (D:3)
13 creatures vanquished.

Vanquished Creatures (others)
  A centaur (D:9)
  2 slaves (D:9)
  A giant frog (D:9)
  A wight (D:9)
  An orc priest (D:9)
  3 orcs (D:9)
  A fungus (Lair:1)
  3 plants
13 creatures vanquished.

Grand Total: 320 creatures vanquished

Notes
Turn   | Place    | Note
--------------------------------------------------------------
     0 | D:1      | Iskender the Mummy Wizard began the quest for the Orb.
     0 | D:1      | Reached XP level 1. HP: 13/13 MP: 4/4
     9 | D:1      | Reached skill level 1 in Conjurations
   256 | D:1      | Found a shattered altar of Ashenzari.
   376 | D:1      | Reached XP level 2. HP: 19/19 MP: 0/6
   380 | D:1      | Learned a level 2 spell: Call Imp
   774 | D:2      | Learned a level 2 spell: Repel Missiles
   781 | D:2      | Learned a level 2 spell: Blink
  1055 | D:2      | Noticed Natasha
  1329 | D:2      | Reached XP level 3. HP: 17/24 MP: 1/7
  1404 | D:2      | Found a blossoming altar of Fedhas.
  2070 | D:3      | Found a faded altar to an unknown god.
  2432 | D:4      | Reached XP level 4. HP: 16/30 MP: 4/9
  2490 | D:4      | Noticed a black bear
  2543 | D:4      | Noticed an ogre
  2553 | D:4      | Killed an ogre
  2553 | D:4      | Reached skill level 4 in Conjurations
  2553 | D:4      | Reached XP level 5. HP: 28/35 MP: 5/10
  2561 | D:4      | Learned a level 3 spell: Mephitic Cloud
  2680 | D:5      | Entered Level 5 of the Dungeon
  2808 | D:5      | Found an opulent altar of Gozag.
  2816 | D:5      | Became a worshipper of Gozag Ym Sagoz the Greedy
  2853 | D:4      | Noticed a phantom
  2986 | D:4      | Reached XP level 6. HP: 30/41 MP: 4/11
  3008 | D:4      | Killed a black bear
  3008 | D:4      | Reached skill level 5 in Conjurations
  3011 | D:4      | Noticed Andry07's ghost (amateur VSFi)
  3173 | D:4      | Noticed an ogre
  3456 | D:5      | Found a staircase to the Ecumenical Temple.
  3463 | Temple   | Entered the Ecumenical Temple
  3560 | D:5      | Noticed a centaur skeleton
  3604 | D:5      | Killed a centaur skeleton
  3604 | D:5      | Reached skill level 5 in Spellcasting
  3604 | D:5      | Reached XP level 7. HP: 12/46 MP: 1/14
  3760 | D:5      | Found a shimmering altar of Xom.
  3834 | D:5      | Learned a level 3 spell: Conjure Flame
  3944 | D:5      | Reached skill level 1 in Polearms
  4535 | D:6      | Reached XP level 8. HP: 32/52 MP: 6/16
  4692 | D:6      | Noticed a deep elf fighter
  4704 | D:6      | Killed a deep elf fighter
  4704 | D:6      | Reached skill level 6 in Conjurations
  4928 | D:6      | Found Fehontay's Armour Emporium.
  4948 | D:6      | Bought a +1 pair of boots of flying for 181 gold pieces
  5579 | D:7      | Found a deep blue altar of Sif Muna.
  5675 | D:7      | Found Edunt's Magic Scroll Emporium.
  5706 | D:7      | Bought a scroll of fear for 56 gold pieces
  5706 | D:7      | Bought a scroll of enchant armour for 120 gold pieces
  5706 | D:7      | Bought a scroll of identify for 32 gold pieces
  5722 | D:7      | Identified a scroll of acquirement
  5910 | D:7      | Reached skill level 1 in Shields
  6149 | D:5      | Killed a phantom
  6149 | D:5      | Reached XP level 9. HP: 18/57 MP: 0/17
  6344 | D:2      | Killed Natasha
  6529 | D:2      | Noticed Natasha
  6567 | D:2      | Killed Natasha
  6608 | D:2      | Noticed Natasha
  6610 | D:2      | Killed Natasha
  6697 | D:4      | Killed an ogre
  6841 | D:4      | Killed Andry07's ghost
  7172 | D:8      | Found a glowing golden altar of the Shining One.
  7233 | D:8      | Found a snail-covered altar of Cheibriados.
  7280 | D:8      | Reached skill level 7 in Conjurations
  7335 | D:8      | Noticed Andry07's ghost (novice VSFi)
  7465 | D:8      | Found a shattered altar of Ashenzari.
  7845 | D:8      | Reached skill level 8 in Conjurations
  8343 | D:9      | Reached skill level 9 in Conjurations
  8504 | D:9      | Noticed Pikel
  8518 | D:9      | Killed Pikel
  8518 | D:9      | Reached XP level 10. HP: 63/63 MP: 12/18
  8609 | D:9      | Found a staircase to the Orcish Mines.
  8894 | D:10     | Entered Level 10 of the Dungeon
  9035 | D:10     | Reached skill level 10 in Conjurations
  9529 | D:10     | Noticed a hill giant
  9591 | D:10     | Killed a hill giant
  9591 | D:10     | Reached skill level 5 in Polearms
 10738 | D:11     | Reached skill level 11 in Conjurations
 10958 | D:11     | Noticed labyrinthlord's ghost (novice MfSk)
 10977 | D:11     | Killed labyrinthlord's ghost
 10977 | D:11     | Reached XP level 11. HP: 56/68 MP: 6/19
 11073 | D:11     | Found a staircase to the Lair.
 11190 | D:11     | Noticed a manticore
 11283 | Lair:1   | Entered Level 1 of the Lair of Beasts
 11776 | Lair:1   | Noticed a centaur warrior
 11843 | Lair:1   | Killed a centaur warrior
 12647 | Lair:1   | Noticed an eight-headed hydra
 12872 | Lair:1   | Killed an eight-headed hydra
 12872 | Lair:1   | Reached skill level 12 in Conjurations
 13095 | Lair:1   | Mangled by a komodo dragon

Action                   |  1- 3 |  4- 6 |  7- 9 | 10-12 || total
-------------------------+-------+-------+-------+-------++-------
Melee: Spear             |    81 |    28 |   275 |   560 ||   944
       Short sword       |       |       |    35 |       ||    35
       Staff             |       |       |       |    18 ||    18
 Fire: Blowgun           |     3 |    19 |    41 |   132 ||   195
       Hunting sling     |       |       |     1 |       ||     1
Throw: Stone             |     6 |       |     2 |       ||     8
       Throwing net      |       |       |     2 |       ||     2
       Javelin           |       |       |       |     6 ||     6
 Cast: Magic Dart        |    73 |    75 |   241 |   401 ||   790
       Call Imp          |     7 |     3 |     4 |       ||    14
       Repel Missiles    |     2 |       |     1 |     2 ||     5
       Mephitic Cloud    |       |     1 |    15 |    39 ||    55
       Conjure Flame     |       |       |    10 |    28 ||    38
       Blink             |       |       |     2 |     6 ||     8
Invok: Potion Petition   |       |     1 |       |       ||     1
 Abil: Stop Flying       |       |       |     1 |       ||     1
       Evoke Flight      |       |       |     1 |       ||     1
  Use: Scroll            |     5 |     1 |     8 |     2 ||    16
 Stab: Sleeping          |     4 |     1 |    11 |     3 ||    19
       Distracted        |       |     1 |       |     4 ||     5
       Confused          |       |       |     7 |    17 ||    24
